AoeStats
← sir8Lampard

African Clearing

506485861Analyzed
3v3 RM · 20d ago on Sep 13, 2026· 61m 13s· 6 players
Game mode
Random Map
Map size
Normal (6 player)
Population
200
Speed
Normal
Resources
Standard
Victory
Conquest
Starting age
Dark Age
Ending age
Imperial Age
RankedLock teamsTeams togetherTeam positionsShared explorationLock speedFull tech treeHidden civsTurbo modeCheats
Victory
Defeat
🇮🇹 Japanese · Italy
723
+12
🇮🇹 Franks · Italy
723
+12
🇮🇹 Britons · Italy
703
+13
🇧🇪 Celts · Belgium
666
-15
🇺🇸 Slavs · United States
613
-11
🇺🇸 Mapuche · United States
611
-11
sir8Lampard
5:18 Loom
17:57 Feudal Age
18:29 Double-Bit Axe
18:26 Horse Collar
19:26 Wheelbarrow
18:14 Man-at-Arms
21:27 Stone Mining
21:28 Gold Mining
27:51 Castle Age
29:07 Hand Cart
29:29 Bow Saw
29:22 Heavy Plow
30:01 Gold Shaft Mining
30:01 Stone Shaft Mining
38:35 Imperial Age
40:34 Conscription
39:45 Pikeman
40:10 Gambesons
40:11 Arson
40:35 Heavy Scorpion
41:47 Caravan
44:26 Chemistry
43:32 Siege Engineers
43:59 Ballistics
43:06 Halberdier
46:32 Guilds
46:52 Coinage
47:46 Capped Ram
48:55 Forging
51:18 Elite Woad Raider
52:53 Onager
Myvt365
3:04 Loom
16:55 Feudal Age
18:14 Wheelbarrow
17:25 Horse Collar
18:49 Double-Bit Axe
19:54 Gold Mining
19:57 Stone Mining
22:49 Fletching
23:00 Padded Archer Armor
23:12 Forging
28:48 Castle Age
30:47 Hand Cart
31:11 Bow Saw
31:25 Bodkin Arrow
31:45 Leather Archer Armor
32:07 Iron Casting
33:33 Caravan
34:32 Heavy Plow
34:38 Malon
35:35 Coinage
36:25 Ballistics
40:32 Imperial Age
41:18 Butalmapu
41:35 Conscription
41:51 Crop Rotation
44:21 Chemistry
42:49 Elite Bolas Rider
44:31 Ring Archer Armor
45:18 Blast Furnace
45:54 Heavy Scorpion
47:24 Banking
55:44 Onager
Wortortle
10:05 Loom
15:10 Feudal Age
15:17 Feudal Age
18:10 Double-Bit Axe
18:42 Horse Collar
21:11 Castle Age
20:28 Bloodlines
23:05 Bow Saw
27:31 Wheelbarrow
29:16 Detinets
30:06 Hand Cart
30:18 Heavy Plow
32:30 Husbandry
32:39 Scale Barding Armor
32:51 Gold Mining
34:28 Ballistics
37:54 Imperial Age
36:22 Stone Mining
38:24 Chain Barding Armor
37:32 Pikeman
38:14 Squires
38:26 Forging
39:25 Conscription
40:36 Two-Man Saw
40:22 Crop Rotation
39:59 Elite Boyar
41:41 Siege Engineers
41:24 Halberdier
42:09 Scale Mail Armor
42:48 Plate Barding Armor
42:00 Onager
43:17 Caravan
45:46 Gold Shaft Mining
45:07 Town Watch
45:36 Masonry
45:39 Fortified Wall
45:45 Siege Onager
48:21 Iron Casting
48:02 Chain Mail Armor
48:51 Chemistry
52:40 Blast Furnace
52:10 Plate Mail Armor
TommyThC-
18:29 Feudal Age
18:55 Double-Bit Axe
21:15 Wheelbarrow
26:13 Castle Age
25:43 Forging
25:39 Scale Barding Armor
27:08 Caravan
27:30 Bow Saw
35:21 Padded Archer Armor
36:02 Hand Cart
40:50 Imperial Age
40:51 Cavalier
41:57 Chain Barding Armor
42:13 Iron Casting
42:04 Conscription
43:01 Gold Mining
43:04 Stone Mining
44:28 Elite Throwing Axeman
48:46 Paladin
50:11 Plate Barding Armor
50:36 Blast Furnace
KTI_CesaRooR1312
3:39 Loom
16:46 Feudal Age
19:11 Double-Bit Axe
19:41 Gold Mining
25:52 Castle Age
24:06 Stone Mining
24:31 Horse Collar
25:16 Padded Archer Armor
25:37 Fletching
27:10 Wheelbarrow
26:53 Bow Saw
28:15 Heavy Plow
28:20 Bodkin Arrow
28:41 Leather Archer Armor
30:42 Gold Shaft Mining
31:27 Hand Cart
37:36 Imperial Age
37:14 Caravan
38:14 Ballistics
40:09 Two-Man Saw
38:35 Elite Longbowman
39:37 Conscription
38:47 Capped Ram
42:17 Chemistry
41:12 Heavy Cavalry Archer
41:29 Heavy Cavalry Archer
42:43 Yeomen
44:10 Warwolf
44:31 Bracer
45:01 Ring Archer Armor
babel92
3:48 Loom
15:45 Feudal Age
20:02 Castle Age
20:50 Wheelbarrow
20:00 Horse Collar
20:21 Double-Bit Axe
23:52 Gold Mining
27:25 Stone Mining
27:42 Heavy Plow
29:30 Squires
35:18 Imperial Age
33:15 Scale Mail Armor
35:05 Hand Cart
37:19 Bow Saw
38:04 Elite Samurai
39:54 Bow Saw
42:00 Two-Man Saw
41:24 Conscription
40:57 Arson
40:58 Gambesons
40:38 Elite Skirmisher
42:08 Coinage
41:41 Caravan
43:37 Forging
43:43 Chain Mail Armor
45:44 Chemistry
45:46 Iron Casting
45:43 Plate Mail Armor
45:05 Fletching
45:15 Padded Archer Armor
47:54 Blast Furnace
47:00 Town Watch
47:24 Thumb Ring
50:09 Bodkin Arrow
50:14 Padded Archer Armor
51:59 Leather Archer Armor
51:52 Bracer
54:53 Yasama
55:41 Town Patrol
60:32 Ring Archer Armor
Connection lost

Rejoining the realm…

Still unreachable

The connection could not be restored.

Session expired

The server has moved on; the page needs a fresh start.